 Dungeon Crawl Stone Soup version 0.27.1-3-gb3d3a73c9e (webtiles) character file.

Game seed: 7185789942501401814

198 jlumianski the Covered (level 5, -1/49 HPs)
             Began as a Deep Dwarf Fighter on Oct 21, 2021.
             Slain by Menkaure (16 damage)
             ... on level 4 of the Dungeon.
             The game lasted 00:08:21 (1117 turns).

jlumianski the Covered (Deep Dwarf Fighter)         Turns: 1117, Time: 00:08:22

Health: -1/49      AC:  7    Str: 21    XL:     5   Next: 47%
Magic:  4/4        EV:  7    Int:  8    God:
Gold:   51         SH:  9    Dex: 12    Spells: 4/4 levels left

rFire    . . .     SeeInvis .   a - +0 war axe
rCold    . . .     Faith    .   c - +0 kite shield
rNeg     . . .     Spirit   .   b - +0 scale mail
rPois    .         Reflect  .   (no helmet)
rElec    .         Harm     .   (no cloak)
rCorr    .         Rampage  .   (no gloves)
Will     .....                  (no boots)
Stlth    ..........             (no amulet)
HPRegen  0.00/turn              (no ring)
MPRegen  0.09/turn              (no ring)

@: no status effects
A: damage resistance, heal wounds, sense surroundings 1, no regeneration
a: Heal Wounds


You were on level 4 of the Dungeon.
You visited 1 branch of the dungeon, and saw 4 of its levels.

You collected 51 gold pieces.

Inventory:

Hand Weapons
 a - a +0 war axe (weapon)
 g - a +0 hunting sling
 h - a +0 mace of holy wrath
Missiles
 e - 56 stones
 k - 4 boomerangs (quivered)
Armour
 b - a +0 scale mail (worn)
 c - a +0 kite shield (worn)
Scrolls
 f - a scroll of fear {unknown}
 i - a scroll of identify {unknown}
Potions
 d - 2 potions of might
 j - a potion of degeneration {unknown}


   Skills:
 + Level 3.3 Fighting
 + Level 4.3 Axes
 + Level 0.8 Slings
 + Level 4.3 Armour
 + Level 0.7 Dodging
 + Level 4.0 Shields


You had 4 spell levels left.
You didn't know any spells.
Your spell library contained the following spells:

 Spells                   Type           Power      Damage    Failure   Level
 Blink                    Tloc           N/A        N/A       100%        2
 Gell's Gravitas          Tloc           0%         N/A       100%        3
 Lesser Beckoning         Tloc           0%         N/A       100%        3
 Teleport Other           Tloc           0%         N/A       100%        3
 Manifold Assault         Tloc           0%         N/A       100%        5


Dungeon Overview and Level Annotations

Branches:
Dungeon (5/15)
 Temple: D:4-7

Altars:
Elyvilon

Shops:
D:2 (

Annotations:
D:4 Menkaure


Innate Abilities, Weirdness & Mutations

You are resistant to damage.
You can heal yourself by infusing magical energy.
You passively map a small area around you.
You do not regenerate.


Message History

You hear some strange, mumbled words.
A puff of flame appears from out of thin air!
The puff of flame hits you!
You hit something. Something hits you but does no damage.
You closely miss something. You block something's attack.
An orc comes into view. It is wielding a +0 whip.
Something hits you.
You closely miss something. Something hits you.
You closely miss something.
The orc shouts!
You hear a shout!
Something hits you but does no damage. Something hits you.
You slash something! Something hits you but does no damage.
You block something's attack.
You barely miss something.
The orc throws a boomerang.
Reactivating autopickup.
You feel a bit more experienced.
You hit the orc but do no damage. The orc hits you with a +0 whip.
The orc hits you but does no damage.
You barely miss the orc. The orc hits you but does no damage.
You barely miss the orc. You block the orc's attack. The orc barely misses you.
You closely miss the orc. You block the orc's attack.
You slash the orc!
You kill the orc!
You closely miss the orc. The orc barely misses you.
The orc hits you with a +0 flail!
You closely miss the orc. The orc barely misses you.
You barely miss the orc. You block the orc's attack.
The orc hits you but does no damage.
You slash the orc!
You kill the orc!
Items here: ( )))) [[[ †††.
k - 4 boomerangs Menkaure, Prince of Dust comes into view.
Menkaure shouts!
Menkaure casts a spell.
Menkaure seems to speed up.
Found a scroll labelled NYXIODONOTH.
Menkaure's bandages flutter.
Menkaure hits you!!
You die...

##### #...# #.(.# #...#
#...###...#### #...).....'..#
#######.####...##.#
#..........#...##.#
#..........#...##.###*
#.....M....#...#....#
#######@####...#....# . #.#
##...#....#... , ...
..........'... ,**
##.#########.###... #?# #.# ... *
,..#*#######.######
...,.....[........
##########################.......
#.............).......†..........


You could see Menkaure (fast).

Vanquished Creatures
  A howler monkey (D:4)
  An orc priest (D:4)
  An orc wizard (D:4)
  Terence (D:2)
  An adder (D:4)
  An adder skeleton (D:4)
  2 dart slugs (D:1)
  6 orcs (D:4)
  2 ball pythons (D:1)
  2 endoplasms
  A giant cockroach (D:2)
  4 goblins
  2 hobgoblins
  4 jackals (D:2)
  6 kobolds
  A quokka (D:1)
  2 bats (D:1)
  2 frilled lizards (D:1)
  2 rats (D:1)
42 creatures vanquished.

Vanquished Creatures (others)
  An orc wizard (D:4)
1 creature vanquished.

Grand Total: 43 creatures vanquished

Notes
Turn   | Place    | Note
-------+----------+-------------------------------------------
     0 | D:1      | jlumianski the Deep Dwarf Fighter began the quest for the
                  | Orb.
     0 | D:1      | Reached XP level 1. HP: 20/20 MP: 1/1
    72 | D:1      | Reached XP level 2. HP: 16/27 MP: 2/2
   628 | D:2      | Found Zayrorgh's Antique Weapon Shop.
   632 | D:2      | Noticed Terence
   664 | D:2      | Killed Terence
   665 | D:2      | Reached XP level 3. HP: 21/34 MP: 3/3
   709 | D:2      | You fall into a shaft and drop 2 floors!
   711 | D:4      | Found a white marble altar of Elyvilon.
   717 | D:4      | Reached XP level 4. HP: 22/42 MP: 4/4
   768 | D:5      | Entered Level 5 of the Dungeon
   768 | D:5      | Noticed a black bear
   798 | D:4      | Noticed an ogre
   996 | D:4      | Reached XP level 5. HP: 18/49 MP: 5/5
  1113 | D:4      | Noticed Menkaure
  1117 | D:4      | Slain by Menkaure

Illustrated notes

Levels and vault maps discovered:
D:1:      lightli_arrival_boilingwater, layout_rooms, nrook_uturn
D:2:      layout_basic, serial_shops, shop, uniq_terence
D:4:      layout_basic, mainiacjoe_overflow_boulevard, uniq_menkaure
D:5:      layout_cave_pools, minmay_holes, hangedman_decor_diamond_cutter,
          kennysheep_flooded_box

Skill      XL: |  1  2  3  4  5 |
---------------+----------------+-----
Fighting       | 3 |  3.3
Axes           | 3 4 |  4.3
Shields        | 4 |  4.0
Armour         | 4 |  4.3
Slings         | |  0.8
Dodging        | |  0.7

Action                   |  1- 3 |  4- 6 || total
-------------------------+-------+-------++-------
Melee: War axe           |   104 |    48 ||   152
 Fire: Hunting sling     |     9 |       ||     9
Throw: Stone             |     1 |       ||     1
 Abil: Heal Wounds       |     2 |     1 ||     3
Armor: Scale mail        |    45 |    22 ||    67
Dodge: Dodged            |    39 |    13 ||    52
Block: Kite shield       |    63 |    24 ||    87
